TOP OF THE 1ST |
Midland RockHounds batting - Pitching for New Hampshire Fisher Cats : LHP Eddie Muniz
|
Pitching: LHP Eddie Muniz
|
|
Batting: RHB Niek de Haan
|
0-0: Ball 1-0: Called Strike 1-1: Foul Ball, location: 2F 1-2: Ball 2-2: Ball 3-2: Strikes out swinging
|
Batting: RHB Jonathan Gallup
|
0-0: Foul Ball, location: 2F 0-1: Foul Ball, location: 2F 0-2: Fly out, F8 (Flyball, 8LM, EV 85.6 MPH)
|
Batting: RHB Manny Moron
|
0-0: Called Strike 0-1: Foul Ball, location: 2F 0-2: Ball 1-2: Foul Ball, location: 2F 1-2: Ball 2-2: Strikes out looking
|
Top of the 1st over - 0 runs, 0 hits, 0 errors, 0 left on base; Midland 0 - New Hampshire 0 |
BOTTOM OF THE 1ST |
New Hampshire Fisher Cats batting - Pitching for Midland RockHounds : RHP Chad Cooper
|
Pitching: RHP Chad Cooper
|
|
Batting: RHB Kai Stoyle
|
0-0: Swinging Strike 0-1: Ball 1-1: Ground out 6-3 (Groundball, 6, EV 103.1 MPH)
|
Batting: RHB Stephen Casteel
|
0-0: Ground out U3 (Groundball, 34, EV 96.9 MPH)
|
Batting: RHB Chris Martin
|
0-0: Ball 1-0: Called Strike 1-1: Ball 2-1: Ball 3-1: Foul Ball, location: 2F 3-2: Base on Balls
|
Batting: RHB Bobby Lasaguna
|
0-0: Ball 1-0: Fly out, F8 (Flyball, 8LXD, EV 86.9 MPH)
|
Bottom of the 1st over - 0 runs, 0 hits, 0 errors, 1 left on base; Midland 0 - New Hampshire 0 |
TOP OF THE 2ND |
Midland RockHounds batting - Pitching for New Hampshire Fisher Cats : LHP Eddie Muniz
|
Batting: RHB Tony Crespo
|
0-0: Ground out 5-3 (Groundball, 56, EV 96.9 MPH)
|
Batting: RHB Todd Vanasco
|
0-0: Ball 1-0: Foul Ball, location: 2F 1-1: Called Strike 1-2: Fly out, F4 (Flyball, 34D, EV 88.1 MPH)
|
Batting: LHB Alan Bianchard
|
0-0: Ball 1-0: Called Strike 1-1: Ball 2-1: Foul Ball, location: 2F 2-2: Fly out, F7 (Flyball, 7LD, EV 75.6 MPH)
|
Top of the 2nd over - 0 runs, 0 hits, 0 errors, 0 left on base; Midland 0 - New Hampshire 0 |
BOTTOM OF THE 2ND |
New Hampshire Fisher Cats batting - Pitching for Midland RockHounds : RHP Chad Cooper
|
Batting: RHB Selam Chimsima
|
0-0: Called Strike 0-1: Ball 1-1: Called Strike 1-2: Ball 2-2: Ball 3-2: Strikes out swinging
|
Batting: RHB Justin Powell
|
0-0: Foul Ball, location: 2F 0-1: Called Strike 0-2: Ball 1-2: Foul Ball, location: 2F 1-2: SINGLE (Groundball, 15S, EV 69.4 MPH) (infield hit)
|
Batting: RHB Bryan Mattis
|
0-0: Called Strike Justin Powell steals 2nd base 0-1: Ground out 5-3 (Groundball, 56S, EV 73.1 MPH) Justin Powell to third
|
Batting: LHB Eddie Muniz
|
0-0: Called Strike 0-1: Swinging Strike 0-2: Ball 1-2: Foul Ball, location: 2F 1-2: Ball 2-2: Ground out 4-3 (Groundball, 4, EV 80.6 MPH)
|
Bottom of the 2nd over - 0 runs, 1 hit, 0 errors, 1 left on base; Midland 0 - New Hampshire 0 |
TOP OF THE 3RD |
Midland RockHounds batting - Pitching for New Hampshire Fisher Cats : LHP Eddie Muniz
|
Batting: RHB David Sharp
|
0-0: Ball 1-0: Swinging Strike 1-1: Called Strike 1-2: Strikes out swinging
|
Batting: RHB Moses Brokken
|
0-0: Called Strike 0-1: Called Strike 0-2: Foul Ball, location: 2F 0-2: Foul Ball, location: 2F 0-2: Ball 1-2: Strikes out swinging
|
Batting: LHB Jose Mojica
|
0-0: Called Strike 0-1: Foul Ball, location: 2F 0-2: Ball 1-2: Strikes out swinging
|
Top of the 3rd over - 0 runs, 0 hits, 0 errors, 0 left on base; Midland 0 - New Hampshire 0 |
BOTTOM OF THE 3RD |
New Hampshire Fisher Cats batting - Pitching for Midland RockHounds : RHP Chad Cooper
|
Batting: RHB Luis Reyes
|
0-0: Ball 1-0: Ground out 6-3 (Groundball, 6, EV 108.1 MPH)
|
Batting: RHB Kai Stoyle
|
0-0: Ball 1-0: Called Strike 1-1: Swinging Strike 1-2: Ground out 3-1 (Groundball, 34S, EV 90.6 MPH)
|
Batting: RHB Stephen Casteel
|
0-0: Ball 1-0: Swinging Strike 1-1: SINGLE (Groundball, 4M, EV 108.1 MPH) (infield hit)
|
Batting: RHB Chris Martin
|
0-0: Called Strike 0-1: Ball 1-1: Fly out, F9 (Flyball, 9LD, EV 96.9 MPH)
|
Bottom of the 3rd over - 0 runs, 1 hit, 0 errors, 1 left on base; Midland 0 - New Hampshire 0 |
TOP OF THE 4TH |
Midland RockHounds batting - Pitching for New Hampshire Fisher Cats : LHP Eddie Muniz
|
Batting: RHB Niek de Haan
|
0-0: Ball 1-0: Called Strike 1-1: Called Strike 1-2: Strikes out swinging
|
Batting: RHB Jonathan Gallup
|
0-0: Swinging Strike 0-1: Called Strike 0-2: Ball 1-2: Ball 2-2: Foul Ball, location: 2F 2-2: Ball 3-2: Foul Ball, location: 2F 3-2: Foul Ball, location: 2F 3-2: Hit by Pitch
|
Batting: RHB Manny Moron
|
0-0: Called Strike 0-1: Foul Ball, location: 2F 0-2: Foul Ball, location: 2F 0-2: Ball 1-2: Fielders Choice at 2nd, 6-4 (Groundball, 6, EV 105.0 MPH)
|
Batting: RHB Tony Crespo
|
0-0: Ball 1-0: Foul Ball, location: 2F 1-1: TRIPLE (Flyball, 89XD, EV 101.2 MPH) Manny Moron scores
|
Batting: RHB Todd Vanasco
|
0-0: Fly out, F8 (Flyball, 89S, EV 75.0 MPH)
|
Top of the 4th over - 1 run, 1 hit, 0 errors, 1 left on base; Midland 1 - New Hampshire 0 |
BOTTOM OF THE 4TH |
New Hampshire Fisher Cats batting - Pitching for Midland RockHounds : RHP Chad Cooper
|
Batting: RHB Bobby Lasaguna
|
0-0: Ball 1-0: Ball 2-0: Foul Ball, location: 2F 2-1: Ball 3-1: Swinging Strike 3-2: Strikes out swinging
|
Batting: RHB Selam Chimsima
|
0-0: Called Strike 0-1: Ball 1-1: Called Strike 1-2: Strikes out looking
|
Batting: RHB Justin Powell
|
0-0: Ball 1-0: Called Strike 1-1: Ground out 5-3 (Groundball, 5D, EV 106.9 MPH)
|
Bottom of the 4th over - 0 runs, 0 hits, 0 errors, 0 left on base; Midland 1 - New Hampshire 0 |
TOP OF THE 5TH |
Midland RockHounds batting - Pitching for New Hampshire Fisher Cats : LHP Eddie Muniz
|
Batting: LHB Alan Bianchard
|
0-0: Called Strike 0-1: Ball 1-1: Swinging Strike 1-2: Foul Ball, location: 2F 1-2: Strikes out looking
|
Batting: RHB David Sharp
|
0-0: Ball 1-0: Called Strike 1-1: Ball 2-1: Foul Ball, location: 2F 2-2: Ball 3-2: Foul Ball, location: 2F 3-2: Strikes out swinging
|
Batting: RHB Moses Brokken
|
0-0: Called Strike 0-1: Called Strike 0-2: Strikes out looking
|
Top of the 5th over - 0 runs, 0 hits, 0 errors, 0 left on base; Midland 1 - New Hampshire 0 |
BOTTOM OF THE 5TH |
New Hampshire Fisher Cats batting - Pitching for Midland RockHounds : RHP Chad Cooper
|
Batting: RHB Bryan Mattis
|
0-0: Ground out 3-1 (Groundball, 34, EV 91.2 MPH)
|
Batting: LHB Eddie Muniz
|
0-0: Ball 1-0: Ball 2-0: Called Strike 2-1: Swinging Strike 2-2: Strikes out swinging passed ball, reaches first!
|
Batting: RHB Luis Reyes
|
0-0: Ball 1-0: Ball 2-0: Called Strike 2-1: Foul Ball, location: 2F 2-2: Strikes out swinging
|
Batting: RHB Kai Stoyle
|
0-0: Ball 1-0: Called Strike 1-1: Ball 2-1: Ball 3-1: Base on Balls Eddie Muniz to second
|
Batting: RHB Stephen Casteel
|
0-0: Ball 1-0: Ball 2-0: Ball 3-0: Called Strike 3-1: Base on Balls Eddie Muniz to third Kai Stoyle to second
|
Batting: RHB Chris Martin
|
0-0: Foul Ball, location: 2F 0-1: Foul Ball, location: 2F 0-2: Ball 1-2: Ball 2-2: Ball 3-2: Foul Ball, location: 2F 3-2: Foul Ball, location: 2F 3-2: Foul Ball, location: 2F 3-2: Reached on error, E5 (Groundball, 5, EV 105.0 MPH) Eddie Muniz scores Kai Stoyle to third Stephen Casteel to second
|
Pitching: RHP John McAuley
|
|
Batting: RHB Bobby Lasaguna
|
0-0: Called Strike 0-1: SINGLE (Line Drive, 8LM, EV 86.2 MPH) Kai Stoyle scores Stephen Casteel to third Chris Martin to second Runner from 3rd tries for Home, SAFE, throw by CF to home
|
Batting: RHB Selam Chimsima
|
0-0: Called Strike 0-1: Called Strike 0-2: Ball 1-2: Strikes out looking
|
Bottom of the 5th over - 3 runs, 1 hit, 1 error, 2 left on base; Midland 1 - New Hampshire 3 |
TOP OF THE 6TH |
Midland RockHounds batting - Pitching for New Hampshire Fisher Cats : LHP Eddie Muniz
|
Batting: LHB Jose Mojica
|
0-0: Called Strike 0-1: Swinging Strike 0-2: Ball 1-2: Ball 2-2: Foul Ball, location: 2F 2-2: Fly out, F8 (Flyball, 8LD, EV 105.0 MPH)
|
Batting: RHB Niek de Haan
|
0-0: Called Strike 0-1: Ball 1-1: Ball 2-1: SINGLE (Groundball, 6MD, EV 95.6 MPH)
|
Batting: RHB Jonathan Gallup
|
0-0: Called Strike 0-1: Swinging Strike 0-2: 2-RUN HOME RUN (Flyball, 7D, EV 101.2 MPH), Distance : 374 ft
|
Batting: RHB Manny Moron
|
0-0: Ball 1-0: Foul Ball, location: 2F 1-1: Foul Ball, location: 2F 1-2: Ground out 3-1 (Groundball, 13, EV 88.8 MPH)
|
Batting: RHB Tony Crespo
|
0-0: Foul Ball, location: 2F 0-1: Swinging Strike 0-2: Foul Ball, location: 2F 0-2: Ball 1-2: Strikes out swinging
|
Top of the 6th over - 2 runs, 2 hits, 0 errors, 0 left on base; Midland 3 - New Hampshire 3 |
BOTTOM OF THE 6TH |
New Hampshire Fisher Cats batting - Pitching for Midland RockHounds : RHP John McAuley
|
Batting: RHB Justin Powell
|
0-0: Called Strike 0-1: Ground out 4-3 (Groundball, 34D, EV 96.2 MPH)
|
Batting: RHB Bryan Mattis
|
0-0: Ball 1-0: Ball 2-0: Called Strike 2-1: Swinging Strike 2-2: Ball 3-2: Base on Balls
|
Batting: LHB Eddie Muniz
|
0-0: Ball 1-0: Grounds into double play, 4-6-3 (Groundball, 34D, EV 86.2 MPH)
|
Bottom of the 6th over - 0 runs, 0 hits, 0 errors, 0 left on base; Midland 3 - New Hampshire 3 |
TOP OF THE 7TH |
Midland RockHounds batting - Pitching for New Hampshire Fisher Cats : LHP Eddie Muniz
|
Batting: RHB Todd Vanasco
|
0-0: Ball 1-0: Called Strike 1-1: Foul Ball, location: 2F 1-2: Foul Ball, location: 2F 1-2: Ball 2-2: Foul Ball, location: 2F 2-2: DOUBLE (Line Drive, 8RXD, EV 101.9 MPH)
|
Pitching: RHP Andres de Leon
|
|
Batting: LHB Alan Bianchard
|
0-0: Ball 1-0: Called Strike 1-1: Ball 2-1: Fly out, F8 (Flyball, 8LD, EV 83.1 MPH)
|
Batting: RHB David Sharp
|
0-0: Foul Ball, location: 2F 0-1: Ball 1-1: Ball 2-1: Swinging Strike 2-2: Strikes out swinging
|
Pinch Hitting: LHB Nick Pacheco
|
0-0: Fly out, F5 (Popup, 15, EV 79.4 MPH)
|
Top of the 7th over - 0 runs, 1 hit, 0 errors, 1 left on base; Midland 3 - New Hampshire 3 |
BOTTOM OF THE 7TH |
New Hampshire Fisher Cats batting - Pitching for Midland RockHounds : RHP John McAuley
|
Now in LF: Roger Simmons
|
|
Batting: RHB Luis Reyes
|
0-0: Called Strike 0-1: Ball 1-1: Ball 2-1: Ground out 5-3 (Groundball, 56S, EV 91.9 MPH)
|
Batting: RHB Kai Stoyle
|
0-0: Foul Ball, location: 2F 0-1: Ball 1-1: Ball 2-1: Ball 3-1: Base on Balls
|
Batting: RHB Stephen Casteel
|
0-0: Reached on error, E5 (Groundball, 56, EV 104.4 MPH) Kai Stoyle to second
|
Batting: RHB Chris Martin
|
0-0: Ball 1-0: Ball 2-0: Called Strike 2-1: Called Strike 2-2: Ball 3-2: Base on Balls Kai Stoyle to third Stephen Casteel to second
|
Batting: RHB Bobby Lasaguna
|
0-0: Called Strike 0-1: Ball 1-1: Called Strike 1-2: Ball 2-2: Fly out, F8 (Flyball, 8RD, EV 86.9 MPH) Runner from 3rd tags up, SCORES, throw by CF Stephen Casteel to third
|
Batting: RHB Selam Chimsima
|
0-0: Foul Ball, location: 2F 0-1: Ball 1-1: Ball 2-1: Ball 3-1: Foul Ball, location: 2F 3-2: Base on Balls Chris Martin to second
|
Batting: RHB Justin Powell
|
0-0: Called Strike 0-1: Swinging Strike 0-2: Ball 1-2: Ground out 4-3 (Groundball, 4, EV 87.5 MPH)
|
Bottom of the 7th over - 1 run, 0 hits, 1 error, 3 left on base; Midland 3 - New Hampshire 4 |
TOP OF THE 8TH |
Midland RockHounds batting - Pitching for New Hampshire Fisher Cats : RHP Andres de Leon
|
Now at 2B: Kirk Seiffert
|
|
Now in LF: Tristan Dearing
|
|
Now in RF: Bryan Mattis
|
|
Batting: LHB Jose Mojica
|
0-0: Called Strike 0-1: DOUBLE (Flyball, 7LD, EV 103.8 MPH)
|
Batting: RHB Niek de Haan
|
0-0: Called Strike 0-1: Swinging Strike 0-2: Fly out, F4 (Flyball, 4D, EV 93.1 MPH)
|
Batting: RHB Jonathan Gallup
|
0-0: Ball 1-0: Called Strike 1-1: Ball 2-1: Foul Ball, location: 2F 2-2: Ball 3-2: Base on Balls
|
Batting: RHB Manny Moron
|
0-0: Ball 1-0: Ball 2-0: Called Strike 2-1: Called Strike 2-2: Strikes out looking
|
Batting: RHB Tony Crespo
|
0-0: Foul Ball, location: 2F 0-1: Fly out, F9 (Flyball, 9, EV 93.1 MPH)
|
Top of the 8th over - 0 runs, 1 hit, 0 errors, 2 left on base; Midland 3 - New Hampshire 4 |
BOTTOM OF THE 8TH |
New Hampshire Fisher Cats batting - Pitching for Midland RockHounds : RHP John McAuley
|
Pitching: RHP Caleb Hansberger
|
|
Batting: RHB Bryan Mattis
|
0-0: Called Strike 0-1: Ball 1-1: Swinging Strike 1-2: Ball 2-2: Strikes out looking
|
Batting: LHB Eddie Muniz
|
0-0: Fly out, F8 (Flyball, 89M, EV 83.1 MPH)
|
Batting: SHB Tristan Dearing
|
0-0: Ball 1-0: Foul Ball, location: 2F 1-1: Foul Ball, location: 2F 1-2: Ball 2-2: Strikes out swinging
|
Bottom of the 8th over - 0 runs, 0 hits, 0 errors, 0 left on base; Midland 3 - New Hampshire 4 |
TOP OF THE 9TH |
Midland RockHounds batting - Pitching for New Hampshire Fisher Cats : RHP Andres de Leon
|
Pitching: RHP Scott Olson
|
|
Batting: RHB Todd Vanasco
|
0-0: Single, Error in OF, E7, batter to second base (Line Drive, 78S, EV 111.2 MPH)
|
Batting: LHB Alan Bianchard
|
0-0: Ball 1-0: Ball 2-0: Ball 3-0: Foul Ball, location: 2F 3-1: Foul Ball, location: 2F 3-2: Base on Balls
|
Pinch Hitting: LHB Tom Raupp
|
0-0: Called Strike 0-1: Fly out, F5 (Popup, 5SF, EV 71.9 MPH)
|
Batting: RHB Roger Simmons
|
0-0: Called Strike 0-1: Grounds into double play, 6-4-3 (Groundball, 56, EV 86.2 MPH)
|
Top of the 9th over - 0 runs, 1 hit, 1 error, 1 left on base; Midland 3 - New Hampshire 4 |
|